 Dungeon Crawl Stone Soup version 0.26-a0-774-g1415c89e12 (webtiles) character file.

Game seed: 7438220446870123577

188 Kinoniko the Skirmisher (level 5, 0/61 HPs)
             Began as an Ogre Monk on Nov 9, 2020.
             Slain by an orc
             ... wielding a +0 falchion
              (3 damage)
             ... on level 3 of the Dungeon.
             The game lasted 00:02:41 (2654 turns).

Kinoniko the Skirmisher (Ogre Monk)                 Turns: 2654, Time: 00:02:42

Health: 0/61       AC:  5    Str: 15    XL:     5   Next: 67%
Magic:  5/5        EV: 11    Int: 11    God:
Gold:   186        SH:  0    Dex: 18    Spells: 4/4 levels left

rFire    . . .     SeeInvis .   g - +1 spear (freeze)
rCold    . . .     Faith    .   (no shield)
rNeg     . . .     Spirit   .   b - +0 robe
rPois    .         Reflect  .   l - +2 hat
rElec    .         Harm     .   (no cloak)
rCorr    .         Rampage  .   (gloves unavailable)
MR       .....                  (boots unavailable)
Stlth    +++.......             (no amulet)
HPRegen  0.20/turn              e - +6 ring of dexterity
MPRegen  0.09/turn              o - ring of stealth

@: brilliant, flying
A: large, unfitting armour, tough skin 1
a: no special abilities


You were on level 3 of the Dungeon.
You visited 1 branch of the dungeon, and saw 3 of its levels.

You collected 186 gold pieces.

Inventory:

Hand Weapons
 g - a +1 spear of freezing (weapon)
Armour
 b - a +0 robe (worn)
 l - a +2 hat (worn)
Jewellery
 e - a +6 ring of dexterity (left hand)
 o - a ring of stealth (right hand)
Scrolls
 j - 4 scrolls of teleportation
Potions
 d - a potion of brilliance
 f - a potion of heal wounds {unknown}
 i - a potion of curing {unknown}
 k - a potion of flight
 m - a potion of lignification {unknown}


   Skills:
 * Level 6.4 Fighting
 * Level 4.8 Polearms
 - Level 2.6 Dodging
 - Level 1.4 Stealth


You had 4 spell levels left.
You didn't know any spells.
Your spell library was empty.

Dungeon Overview and Level Annotations

Branches:
Dungeon (3/15)

Altars:


Innate Abilities, Weirdness & Mutations

You are too large for most types of armour.
You have tough skin. (AC +1)


Message History

The orc hits you with a +0 falchion.
* * * LOW HITPOINT WARNING * * *
You hit the orc but do no damage.
The orc is almost dead.
The orc misses you.
You barely miss the orc.
The orc is almost dead.
The orc hits you with a +0 falchion.
* * * LOW HITPOINT WARNING * * *
The orc hits you.
* * * LOW HITPOINT WARNING * * *
It was a potion of flight.
You feel very buoyant.
You fly up into the air.
The orc hits you with a +0 falchion.
* * * LOW HITPOINT WARNING * * *
The orc hits you but does no damage.
It was a potion of brilliance.
You feel clever all of a sudden. The orc hits you but does no damage.
The orc hits you with a +0 falchion.
You die...

*.....# *,,,,,,,,,,,,,* *,
#.....# *,,.......,,,,*######
......# *,,.>....,,,,,*#.....
(....########,,.....,,,,,,*#.####
............#**#...#*******#<#
............####...####****######
.......[......,+......,,,,,......
............#**#)o.#*******####.#
............####@o.#***** #..
...................+,,,,* #.#
.............###...#***,******#,*
#######......#*#...#***,*,,,,*,,,
#........#*......,,,*,**,**,*
#........#*........,*,**,**,*
#........#*........,,,**,,,,,
#...†.#############*,,*****,*
#.....# *,,,,,**,*


You could see 2 orcs.

Vanquished Creatures
  An orc priest (D:3)
  4 gnolls (D:3)
  4 adders
  An ooze (D:3)
  3 worms
  A dart slug (D:1)
  A leopard gecko (D:1)
  5 orcs (D:3)
  2 bats
  3 giant cockroaches
  9 goblins
  4 hobgoblins
  10 jackals
  3 frilled lizards (D:2)
  7 kobolds
  5 rats
63 creatures vanquished.

Notes
Turn   | Place    | Note
-------+----------+-------------------------------------------
     0 | D:1      | Kinoniko the Ogre Monk began the quest for the Orb.
     0 | D:1      | Reached XP level 1. HP: 24/24 MP: 1/1
   143 | D:1      | Reached XP level 2. HP: 27/33 MP: 2/2
   640 | D:1      | Reached XP level 3. HP: 41/41 MP: 3/3
  1333 | D:2      | Reached skill level 5 in Fighting
  1714 | D:2      | Reached XP level 4. HP: 47/50 MP: 4/4
  2293 | D:3      | Reached XP level 5. HP: 39/59 MP: 5/5
  2301 | D:3      | Reached skill level 6 in Fighting
  2653 | D:3      | HP: 3/61 [orc/+0 falchion (3)]
  2654 | D:3      | Slain by an orc

Illustrated notes

Levels and vault maps discovered:
D:1:      lordsloth_arrival_two_stooges, layout_loops_corners, st_stairs_7
D:2:      layout_loops_corners, hangedman_decor_points
D:3:      layout_basic

Skill      XL: |  1  2  3  4  5 |
---------------+----------------+-----
Fighting       | 5 6 |  6.4
Polearms       | 4 |  4.8
Dodging        | |  2.6
Stealth        | |  1.4

Action                   |  1- 3 |  4- 6 || total
-------------------------+-------+-------++-------
Melee: Spear             |   120 |   130 ||   250
  Use: Scroll            |       |     4 ||     4
       Potion            |       |     2 ||     2
 Stab: Sleeping          |     5 |     2 ||     7
Armor: Robe              |    21 |    30 ||    51
Dodge: Dodged            |    43 |    53 ||    96

Table legend: (Time is in decaauts)
 A = Elapsed time spent in this place.
 B = Non-inter-level travel time spent in this place.
 C = Inter-level travel time spent in this place.
 D = Time resting spent in this place.
 E = Time spent auto-exploring this place.
 F = Levels seen in this place.
 G = Mean time per level.
                   A        B        C        D        E       F      G
               +--------+--------+--------+--------+--------+-----+--------+
         Total |   2626 |   2547 |     79 |    202 |   1943 |   3 |  875.3 |
       Dungeon |   2626 |   2547 |     79 |    202 |   1943 |   3 |  875.3 |
               +--------+--------+--------+--------+--------+-----+--------+

Top non-repeatable levels by time:
     D:1: 1143 daAuts
     D:2: 964 daAuts
     D:3: 518 daAuts
